 Dungeon Crawl Stone Soup version 0.21-a0-624-g16f8e2c (webtiles) character file.

48028 FivePercentEmpty the Spear-Bearer (level 14, -4/108 HPs)
             Began as a Mummy Summoner on Dec 21, 2017.
             Was an Initiate of Gozag.
             Slain by an entropy weaver (11 damage)
             ... on level 1 of the Spider Nest on Dec 23, 2017.
             The game lasted 03:03:55 (34913 turns).

FivePercentEmpty the Spear-Bearer (Mummy Summoner) Turns: 34913, Time: 03:03:57

Health: -4/108     AC:  5    Str: 11    XL:     14   Next: 10%
Magic:  22/28      EV: 14    Int: 19    God:    Gozag
Gold:   2795       SH:  5    Dex: 13    Spells: 1/33 levels left

rFire    . . .     SeeInvis .   r - +9 spear (venom)
rCold    + + .     Gourm    .   a - +0 buckler
rNeg     + + +     Faith    .   l - +2 robe {rC+ rF+}
rPois    ∞         Spirit   .   u - +2 helmet
rElec    .         Reflect  .   M - +2 cloak
rCorr    .         Harm     .   f - +2 pair of gloves
MR       +....                  (no boots)
Stlth    ++........             k - amulet of magic regeneration
HPRegen  0.28/turn              N - ring of wizardry
MPRegen  0.46/turn              L - ring of wizardry

@: corroded, gold aura
A: no food or potions, fire vulnerability, cold resistance 1, negative energy
resistance 3, torment resistance, unbreathing, in touch with death 1
a: Potion Petition, Call Merchant, Bribe Branch, Renounce Religion


You were on level 1 of the Spider Nest.
You worshipped Gozag.
Gozag was most pleased with you.
You were not hungry.

You visited 6 branches of the dungeon, and saw 25 of its levels.

You collected 5639 gold pieces.
You spent 132 gold pieces at shops.
You paid 2712 gold pieces to Gozag.

Inventory:

Hand Weapons
 d - a +0 dagger
 e - a +0 whip
 i - a +1 dagger of protection
 r - a +9 spear of venom (weapon)
 t - a +2 spear of piercing
 B - a +0 trident of venom
Armour
 a - a +0 buckler (worn)
 f - a +2 pair of gloves (worn)
 l - a +2 robe of resistance (worn)
 u - a +2 helmet (worn)
 M - a +2 cloak (worn)
Jewellery
 k - an amulet of magic regeneration (around neck)
 y - an uncursed ring of ice
 C - an uncursed ring of protection from cold
 E - an uncursed ring of fire
 H - a +3 ring of intelligence
 L - a ring of wizardry (right hand)
 N - a ring of wizardry (left hand)
 O - the ring of the Countless Suns {*Contam rElec Str+6 Dex+2}
   (You acquired it on level 12 of the Dungeon)

   [ring of strength]

   It affects your strength (+6).
   It affects your dexterity (+2).
   It insulates you from electricity.
   It causes magical contamination when unequipped.
 Q - an uncursed ring of flight
 R - an uncursed ring of see invisible
 S - the ring "Tootsoat" {rF+ rN+}
   (You found it on level 6 of the Lair of Beasts)

   [ring of protection from fire]

   It protects you from fire.
   It protects you from negative energy.
Wands
 c - a wand of polymorph (14)
 h - a wand of digging (1)
 p - a wand of random effects (58)
 s - a wand of enslavement (25)
 A - a wand of paralysis (19)
 J - a wand of disintegration (4)
 K - a wand of flame (29)
Scrolls
 g - 19 scrolls of identify
 j - a scroll of fog
 m - a scroll of torment
 n - 5 scrolls of magic mapping
 q - a scroll of blinking
 v - 2 scrolls of amnesia
 x - 9 scrolls of remove curse
 z - a scroll of teleportation
 G - 2 scrolls of fear
Books
 b - a book of Callings

   Spells                             Type                      Level
   a - Summon Small Mammal            Summoning                    1
   b - Call Imp                       Summoning                    2
   c - Call Canine Familiar           Summoning                    3
   d - Summon Guardian Golem          Hexes/Summoning              3
   e - Summon Lightning Spire         Summoning/Air                4
   f - Summon Ice Beast               Ice/Summoning                4
 o - a book of Minor Magic

   Spells                             Type                      Level
   a - Magic Dart                     Conjuration                  1
   b - Blink                          Translocation                2
   c - Call Imp                       Summoning                    2
   d - Slow                           Hexes                        2
   e - Conjure Flame                  Conjuration/Fire             3
   f - Mephitic Cloud                 Conjuration/Poison/Air       3
 D - a book of Cantrips

   Spells                             Type                      Level
   a - Confusing Touch                Hexes                        1
   b - Animate Skeleton               Necromancy                   1
   c - Summon Small Mammal            Summoning                    1
   d - Apportation                    Translocation                1
 F - Sif Muna's Grimoire of Harmful Moulding
   (You found it on level 4 of the Lair of Beasts)

   Spells                             Type                      Level
   a - Beastly Appendage              Transmutation                1
   b - Throw Flame                    Conjuration/Fire             2
   c - Force Lance                    Conjuration/Translocation    4
   d - Bolt of Cold                   Conjuration/Ice              6
   e - Statue Form                    Transmutation/Earth          6
 I - a book of Flames

   Spells                             Type                      Level
   a - Flame Tongue                   Conjuration/Fire             1
   b - Throw Flame                    Conjuration/Fire             2
   c - Conjure Flame                  Conjuration/Fire             3
   d - Inner Flame                    Hexes/Fire                   3
   e - Sticky Flame                   Conjuration/Fire             4
   f - Fireball                       Conjuration/Fire             5
 P - a Fen Folio

   Spells                             Type                      Level
   a - Corpse Rot                     Necromancy                   2
   b - Stone Arrow                    Conjuration/Earth            3
   c - Leda's Liquefaction            Hexes/Earth                  4
   d - Summon Forest                  Summoning/Translocation      5
   e - Hydra Form                     Transmutation                6
   f - Summon Hydra                   Summoning                    7


   Skills:
 - Level 9.0 Fighting
 - Level 1.0 Maces & Flails
 - Level 12.1 Polearms
 - Level 4.0 Dodging
 - Level 1.5 Stealth
 * Level 3.9 Shields
 - Level 10.0 Spellcasting
 * Level 7.4 Conjurations
 - Level 8.0 Summonings
 - Level 7.3 Ice Magic


You had one spell level left.
You knew the following spells:

 Your Spells              Type           Power        Failure   Level  Hunger
a - Summon Hydra          Summ           #####.....   50%         7    N/A
b - Call Imp              Summ           #####...     1%          2    N/A
c - Call Canine Familiar  Summ           #####...     1%          3    N/A
d - Summon Ice Beast      Ice/Summ       #####...     1%          4    N/A
e - Blink                 Tloc           N/A          3%          2    N/A
f - Summon Lightning Spi  Summ/Air       ###.....     4%          4    N/A
g - Summon Guardian Gole  Hex/Summ       ###.....     1%          3    N/A
h - Apportation           Tloc           #.....       2%          1    N/A
i - Bolt of Cold          Conj/Ice       #####.....   14%         6    N/A

Dungeon Overview and Level Annotations

Branches:
Dungeon (13/15)            Temple (1/1) D:6            Lair (6/6) D:8
  Swamp (2/4) Lair:2       Spider (2/4) Lair:2        Slime (0/5) Lair:6
    Orc (1/2) D:11
 Vaults: D:13-14

Altars:
Ashenzari
Cheibriados
Dithmenos
Elyvilon
Fedhas
Gozag
Hepliaklqana
Kikubaaqudgha
Makhleb
Nemelex Xobeh
Okawaru
Qazlal
Ru
Sif Muna
Trog
Uskayaw
Vehumet
Wu Jian
Xom
Yredelemnul
Zin
The Shining One

Shops:
D:4 ?   D:5 =   D:6 *   D:11 (

Annotations:
Spider:1 exclusion: Roxanne, Roxanne
Spider:2 Arachne


Innate Abilities, Weirdness & Mutations

You do not eat or drink.
Your flesh is vulnerable to fire.
You are immune to poison.
Your flesh is cold resistant. (rC+)
You are immune to negative energy. (rN+++)
You are immune to unholy pain and torment.
You can survive without breathing.
You are in touch with the powers of death.


Message History

Confirm with . or Enter, or press ? or * to list all spells.
A chill wind blows around you. The entropy weaver barely misses you.
The entropy weaver misses you. The entropy weaver hits you. x2
Casting: Summon Ice Beast
Confirm with . or Enter, or press ? or * to list all spells.
A chill wind blows around you. The entropy weaver hits you! x4
The entropy weaver hits you but does no damage.
The entropy weaver closely misses you. The entropy weaver hits you.
* * * LOW HITPOINT WARNING * * *
The entropy weaver hits you!
* * * LOW HITPOINT WARNING * * *
Your ice beast hits the entropy weaver.
Your ice beast freezes the entropy weaver!
Your ice beast closely misses the entropy weaver.
The entropy weaver completely misses you.
The entropy weaver closely misses you. The entropy weaver hits you!
* * * LOW HITPOINT WARNING * * *
The entropy weaver hits you!
You die...
Your body crumbles into a pile of gold.

#..#####...# #≈≈≈#.......#..^#
..^.##...).## ##≈≈#..^...#..##
.##..##..#..# #≈≈≈..##..##...#
.##..#...#.######≈####....#...#
#######.(### #.### #.#..#######
###......# ##Y..###......#.#
##......## #..>.#.#..##....##
.##...#### ###Ya##.....#.#...#
..#.###..# #>...@#..##.###..#####
..#≈#...## ##..#...#####.....>#..
#.≈###...# #.##..##...##.##.≈#..
###.#...#######...##...########..
....##...#.#####...##..#..##.....
...##...##..#..#..##...##......#.
#...###..#..#..#..#≈≈#......#####
#.#=.#..###...##...##..^..#.^#
###.......#...#..##≈≈≈##..#..#


You could see an entropy weaver and 2 friendly ice beasts.

Vanquished Creatures
  A thorn hunter (Swamp:1)
  The ghost of slippy the Bludgeoner, a journeyman OgBe of Trog (Lair:6)
  2 hydras
  2 catoblepae (Lair:6)
  Erica (D:10)
  4 death yaks (Lair:6)
  An alligator (Swamp:1)
  The ghost of mad the Covert, a journeyman SpAs of Dithmenos (D:9)
  An orb spider (Spider:2)
  3 wolf spiders (Spider:1)
  2 manticores (Lair:6)
  A centaur skeleton (D:13)
  3 spiny frogs
  A demonic crawler (Spider:1)
  A komodo dragon (Lair:4)
  A polar bear (Lair:6)
  A troll (D:10)
  5 jumping spiders
  2 hornets (Spider:2)
  2 bog bodies (Swamp:1)
  A blink frog (Lair:5)
  2 dream sheep (Lair:5)
  A slime creature (Swamp:1)
  A hippogriff (D:9)
  15 redbacks
  15 yaks
  A spriggan (Swamp:1)
  4 tarantellas
  A wyvern (Lair:4)
  3 vampire mosquitoes (Swamp:1)
  2 hungry ghosts
  An acid dragon (D:12)
  3 water moccasins
  3 porcupines
  A slave (D:9)
  A swamp drake (Swamp:1)
  An orc warrior (D:6)
  An ice beast (D:6)
  A phantom (D:8)
  A sky beast (D:12)
  A black bear (D:4)
  5 wolves
  3 centaurs
  A crocodile (Lair:1)
  5 bullfrogs
  2 big kobolds
  A scorpion (D:4)
  3 wights
  2 killer bees
  A crimson imp (D:10)
  2 hounds
  2 jellies
  A gnoll shaman (D:7)
  2 bullfrog skeletons (D:5)
  An orc priest (D:7)
  Jessica (D:2)
  An iguana (D:11)
  8 orc wizards
  2 worker ants
  A hound zombie (D:8)
  A hound skeleton (D:8)
  2 adders (D:2)
  A gnoll (D:1)
  4 oozes (D:3)
  An adder skeleton (D:7)
  An adder zombie (D:6)
  2 worms
  A dart slug (D:2)
  4 leopard geckos
  18 orcs
  4 giant cockroaches
  2 goblins
  9 hobgoblins
  4 jackals
  5 bats
  A frilled lizard (D:3)
  A giant cockroach zombie (D:6)
  11 kobolds
  A quokka skeleton (D:5)
  6 rats
  A briar patch (Swamp:1)
220 creatures vanquished.

Vanquished Creatures (collateral kills)
  Erolcha (D:9)
  8 hydras
  2 catoblepae
  2 alligators (Swamp:1)
  6 two-headed ogres
  6 death yaks
  A fire crab (Lair:5)
  Pikel (D:9)
  An orb spider (Spider:1)
  2 ugly things (D:11)
  A moth of wrath (Spider:2)
  An oklob plant (Lair:5)
  4 elephants
  6 black mambas
  A centaur zombie (D:12)
  Joseph (D:8)
  A gargoyle (D:10)
  A torpor snail (Lair:5)
  6 spiny frogs
  3 demonic crawlers
  5 komodo dragons
  2 jumping spiders (Spider:1)
  A merfolk (D:9)
  A polar bear (Lair:6)
  4 trolls
  2 hornets
  2 slime creatures (Swamp:1)
  11 blink frogs
  7 hippogriffs
  A bog body (Swamp:1)
  2 dream sheep (Lair:5)
  14 redbacks
  Sigmund (D:2)
  2 tarantellas
  3 basilisks
  Grum (Lair:1)
  37 yaks
  7 vampire mosquitoes (Swamp:1)
  3 swamp worms (Swamp:1)
  5 water moccasins
  3 porcupines
  2 swamp drakes (Swamp:1)
  A black bear (D:6)
  An ice beast (D:5)
  2 orc warriors
  A sky beast (D:7)
  A slave (D:9)
  2 phantoms
  7 wolves
  4 ogres
  5 centaurs
  10 crocodiles
  2 big kobolds (D:10)
  3 bullfrogs
  5 killer bees
  6 wights
  4 howler monkeys
  An electric eel (Spider:1)
  2 crimson imps
  2 orc priests (D:9)
  10 jellies
  5 hounds
  7 orc wizards
  2 bullfrog skeletons
  Ijyb (D:3)
  4 iguanas
  3 worker ants
  A killer bee zombie (D:9)
  A hound skeleton (D:10)
  Robin (D:3)
  7 adders
  4 gnolls (D:7)
  A shadow imp (D:8)
  9 oozes
  2 adder skeletons (D:4)
  3 worms (D:2)
  A dart slug (D:3)
  A leopard gecko (D:4)
  22 orcs
  7 bats
  4 giant cockroaches
  13 goblins
  12 hobgoblins
  18 kobolds
  5 quokkas
  2 frilled lizards
  A rat (D:3)
  A fungus (Lair:5)
378 creatures vanquished.

Vanquished Creatures (others)
  Prince Ribbit (D:9)
  A blink frog (Lair:3)
  A yak (D:9)
  A crocodile (Lair:6)
  3 fungi
  19 plants
  9 toadstools (D:3)
35 creatures vanquished.

Grand Total: 633 creatures vanquished

Notes
Turn   | Place    | Note
-------+----------+-------------------------------------------
     0 | D:1      | FivePercentEmpty the Mummy Summoner began the quest for the Orb.
     0 | D:1      | Reached XP level 1. HP: 13/13 MP: 4/4
   548 | D:1      | Reached XP level 2. HP: 19/19 MP: 5/5
   951 | D:1      | Learned a level 2 spell: Call Imp
  1122 | D:2      | Reached XP level 3. HP: 22/24 MP: 1/7
  1215 | D:2      | Noticed Jessica
  1243 | D:2      | Killed Jessica
  1587 | D:2      | Reached skill level 1 in Maces & Flails
  1631 | D:2      | Noticed Sigmund
  1665 | D:2      | Reached XP level 4. HP: 25/30 MP: 5/8
  2133 | D:2      | Learned a level 3 spell: Call Canine Familiar
  2406 | D:2      | Killed Sigmund
  2406 | D:2      | Reached skill level 5 in Summonings
  2406 | D:2      | Reached XP level 5. HP: 11/35 MP: 1/9
  3290 | D:3      | Noticed Ijyb
  3312 | D:3      | Killed Ijyb
  3319 | D:3      | Noticed Robin
  3366 | D:3      | Killed Robin
  4011 | D:3      | Reached XP level 6. HP: 41/41 MP: 10/10
  4044 | D:3      | Reached skill level 1 in Polearms
  4071 | D:3      | Learned a level 4 spell: Summon Ice Beast
  4496 | D:4      | Reached skill level 1 in Ice Magic
  4512 | D:4      | Found Vuiwn's Magic Scroll Shop.
  4527 | D:4      | Bought a scroll of magic mapping for 42 gold pieces
  4527 | D:4      | Bought a scroll of torment for 90 gold pieces
  4572 | D:4      | Reached XP level 7. HP: 46/46 MP: 7/11
  5154 | D:4      | Reached skill level 2 in Polearms
  5357 | D:5      | Entered Level 5 of the Dungeon
  5437 | D:5      | Found a basalt altar of Yredelemnul.
  5474 | D:5      | Found Ykoec's Jewellery Shop.
  6567 | D:6      | Found a staircase to the Ecumenical Temple.
  6577 | Temple   | Entered the Ecumenical Temple
  6844 | Temple   | Became a worshipper of Gozag Ym Sagoz the Greedy
  7029 | D:5      | Upgraded the game from 0.21-a0-584-g185da8e to 0.21-a0-616-g6d9b277
  7200 | D:6      | Reached XP level 8. HP: 50/52 MP: 12/12
  7254 | D:6      | Reached skill level 3 in Polearms
  8206 | D:6      | Reached skill level 5 in Ice Magic
  8596 | D:6      | Reached skill level 4 in Polearms
  8664 | D:6      | Found Qis Dan's Assorted Antiques.
  8896 | D:6      | Learned a level 2 spell: Blink
  9044 | D:6      | Reached skill level 1 in Fighting
  9827 | D:7      | Reached skill level 5 in Polearms
  9827 | D:7      | Reached XP level 9. HP: 56/61 MP: 4/13
  9928 | D:8      | Noticed Joseph
  9952 | D:8      | Killed Joseph
 10002 | D:7      | Reached skill level 5 in Spellcasting
 10304 | D:8      | Noticed a two-headed ogre
 10312 | D:8      | Noticed a two-headed ogre
 10316 | D:8      | Killed a two-headed ogre
 10348 | D:7      | Killed a two-headed ogre
 10549 | D:8      | Noticed a two-headed ogre
 10559 | D:8      | Killed a two-headed ogre
 10559 | D:8      | Reached skill level 6 in Polearms
 10615 | D:8      | Found a staircase to the Lair.
 11543 | Lair:1   | Entered Level 1 of the Lair of Beasts
 11557 | Lair:1   | Noticed a spiny frog
 11558 | Lair:1   | Noticed a spiny frog
 11566 | Lair:1   | Killed a spiny frog
 11566 | Lair:1   | Reached XP level 10. HP: 60/73 MP: 9/21
 11578 | Lair:1   | Killed a spiny frog
 11595 | Lair:1   | Noticed a four-headed hydra
 11606 | Lair:1   | Killed a four-headed hydra
 11606 | Lair:1   | Reached skill level 5 in Fighting
 11616 | Lair:1   | Learned a level 4 spell: Summon Lightning Spire
 11662 | Lair:1   | Noticed a spiny frog
 11672 | Lair:1   | Killed a spiny frog
 11769 | Lair:1   | Noticed a spiny frog
 11789 | Lair:1   | Noticed Grum
 11834 | Lair:1   | Killed Grum
 11847 | Lair:1   | Killed a spiny frog
 12813 | Lair:2   | Noticed a spiny frog
 12820 | Lair:2   | Killed a spiny frog
 12966 | Lair:2   | Found a hole to the Spider Nest.
 12989 | Lair:2   | Found a staircase to the Swamp.
 13012 | Lair:2   | Noticed a spiny frog
 13021 | Lair:2   | Killed a spiny frog
 13155 | Lair:2   | Noticed a spiny frog
 13166 | Lair:2   | Killed a spiny frog
 13216 | Lair:2   | Learned a level 3 spell: Summon Guardian Golem
 13461 | Lair:1   | Reached skill level 7 in Polearms
 13964 | D:9      | Noticed Erolcha
 14089 | D:9      | Learned a level 1 spell: Apportation
 14097 | D:9      | Noticed mad's ghost (journeyman SpAs)
 14107 | D:9      | Killed mad's ghost
 14137 | D:9      | Noticed Prince Ribbit
 14407 | Lair:3   | Noticed a seven-headed hydra
 14415 | Lair:3   | Killed a seven-headed hydra
 14457 | Lair:3   | Noticed an elephant
 14458 | Lair:3   | Noticed an elephant
 14488 | Lair:3   | Noticed an elephant
 14492 | Lair:3   | Killed an elephant
 14492 | Lair:3   | Reached XP level 11. HP: 63/83 MP: 6/24
 14964 | Lair:3   | Noticed a five-headed hydra
 14973 | Lair:3   | Killed a five-headed hydra
 15715 | Lair:3   | Upgraded the game from 0.21-a0-616-g6d9b277 to 0.21-a0-618-g6cbd37f
 16124 | Lair:3   | Reached skill level 8 in Polearms
 16452 | Lair:3   | Found a sparkling altar of Nemelex Xobeh.
 16943 | Lair:4   | Noticed an eight-headed hydra
 17107 | Lair:4   | Noticed a four-headed hydra
 17474 | Lair:4   | Killed a four-headed hydra
 17588 | Lair:4   | Killed an eight-headed hydra
 17612 | Lair:4   | Reached skill level 9 in Polearms
 17651 | Lair:4   | Identified Sif Muna's Grimoire of Harmful Moulding
 17724 | Lair:4   | Noticed a four-headed hydra
 17733 | Lair:4   | Killed a four-headed hydra
 17868 | Lair:4   | Noticed a five-headed hydra
 17882 | Lair:4   | Killed a five-headed hydra
 18331 | Lair:5   | Noticed a death yak
 18332 | Lair:5   | Noticed a death yak
 18481 | D:9      | Noticed a two-headed ogre
 18491 | D:9      | Killed a two-headed ogre
 18571 | D:9      | Noticed Pikel
 18607 | D:9      | Killed Pikel
 18743 | D:9      | Killed Erolcha
 18860 | D:9      | Reached XP level 12. HP: 92/92 MP: 14/25
 18892 | D:9      | Killed Prince Ribbit
 19257 | D:10     | Entered Level 10 of the Dungeon
 19326 | D:10     | Noticed a catoblepas
 19373 | D:10     | Killed a catoblepas
 19373 | D:10     | Reached skill level 10 in Spellcasting
 19409 | D:10     | Reached skill level 10 in Polearms
 19891 | D:10     | Learned a level 6 spell: Bolt of Cold
 20101 | D:10     | Noticed Erica
 20179 | D:10     | Killed Erica
 20179 | D:10     | Reached skill level 1 in Conjurations
 20252 | D:10     | Found a shadowy altar of Dithmenos.
 21531 | Lair:5   | Noticed a death yak
 21722 | Lair:5   | Found a glowing golden altar of the Shining One.
 21921 | Lair:5   | Noticed a death yak
 21974 | Lair:4   | Killed a death yak
 22113 | Lair:5   | Killed a death yak
 22163 | Lair:4   | Killed a death yak
 22443 | Lair:4   | Killed a death yak
 22694 | Lair:5   | Reached skill level 11 in Polearms
 23423 | Lair:6   | Entered Level 6 of the Lair of Beasts
 23935 | Lair:6   | Found a staircase to the Slime Pits.
 24493 | Lair:6   | Noticed slippy's ghost (journeyman OgBe)
 24829 | D:11     | Got a faintly humming robe
 24832 | D:10     | Identified the cursed +0 robe of Makhleb's Supremacy {rPois} (You found it on level 11 of the Dungeon)
 25338 | D:11     | Noticed a two-headed ogre
 25351 | D:11     | Killed a two-headed ogre
 25421 | D:11     | Found a glowing golden altar of the Shining One.
 25547 | D:11     | Got a translucent war axe
 25548 | D:11     | Identified the +9 war axe of Sumuas {venom, *Corrode +Rage +Fly rC+} (You found it on level 11 of the Dungeon)
 25576 | D:11     | Found a white marble altar of Elyvilon.
 25626 | D:11     | Found Xammolil's Antique Weapon Shoppe.
 25852 | D:11     | Found a staircase to the Orcish Mines.
 25932 | Orc:1    | Entered Level 1 of the Orcish Mines
 25939 | Orc:1    | Noticed an orc warlord
 26175 | D:12     | Noticed a two-headed ogre
 26184 | D:12     | Killed a two-headed ogre
 26236 | D:12     | Identified a scroll of acquirement
 26239 | D:12     | Got a steaming glass ring
 26240 | D:12     | Identified the ring of the Countless Suns {*Contam rElec Str+6 Dex+2} (You acquired it on level 12 of the Dungeon)
 26623 | D:13     | Gained mutation: You are in touch with the powers of death. [Mummy growth]
 26623 | D:13     | Reached XP level 13. HP: 97/101 MP: 17/27
 26891 | Spider:1 | Entered Level 1 of the Spider Nest
 27028 | Swamp:1  | Entered Level 1 of the Swamp
 27219 | Swamp:1  | Found an opulent altar of Gozag.
 27360 | Swamp:1  | Noticed a thorn hunter
 27704 | Spider:1 | Reached skill level 12 in Polearms
 27704 | Spider:1 | Reached skill level 5 in Conjurations
 28131 | Spider:1 | Learned a level 7 spell: Summon Hydra
 28993 | Spider:1 | Noticed Roxanne
 29911 | Spider:2 | Noticed Arachne
 30385 | Spider:2 | Noticed an entropy weaver
 30760 | Swamp:1  | Got a tattered robe
 30761 | Swamp:1  | Identified the +0 robe of Limited Liability {rC+ Str+6 Dex-3} (You found it on level 1 of the Swamp)
 31291 | Lair:6   | Killed slippy's ghost
 32241 | Lair:6   | Reached skill level 1 in Shields
 32885 | Lair:6   | Got a flickering lead ring
 32886 | Lair:6   | Identified the ring "Tootsoat" {rF+ rN+} (You found it on level 6 of the Lair of Beasts)
 33313 | Lair:6   | Upgraded the game from 0.21-a0-618-g6cbd37f to 0.21-a0-624-g16f8e2c
 33493 | Swamp:1  | Killed a thorn hunter
 33493 | Swamp:1  | Reached XP level 14. HP: 83/108 MP: 3/28
 34326 | Swamp:2  | Noticed a reaper
 34891 | Spider:2 | Noticed an entropy weaver
 34913 | Spider:1 | Slain by an entropy weaver

Vault maps used:
D:1:      lightli_iron_boxes
D:2:      first_ration, uniq_sigmund, uniq_jessica
D:3:      cheibrodos_fertilizer, grunt_ministairs_5, minivault_4,
          minmay_checkerbox, uniq_robin, uniq_ijyb
D:4:      serial_shops, nicolae_shop_trees
D:5:      lemuel_crystal_altar, serial_shops, nicolae_shop_window_shopping
D:6:      minmay_temple_entry_crystal_x, serial_shops, shop_fountains
D:8:      lair_entry_dummy, uniq_joseph
D:9:      hangedman_fish_farm, uniq_pikel, uniq_prince_ribbit1, uniq_erolcha
D:10:     grunt_dithmenos_smoke, uniq_erica
D:11:     orc_0_dummy, basic_altar, serial_shops, shop_statue, tso_metal_star
D:13:     david_vaults_4, uniq_frances, uniq_maurice
Temple:   nicolae_temple_the_god_donut
Lair:1:   minmay_holes, grunt_megastairs_1, uniq_grum
Lair:2:   swamp_mist, dummy_spider_entry, lemuel_fruit_fields,
          lemuel_fruit_fields, infiniplex_staircase_pool
Lair:3:   lemuel_centaur_altar
Lair:4:   grunt_megastairs_5
Lair:5:   lemuel_oklob_altar, serial_bayou_shore_b, serial_bayou_shore_b
Lair:6:   evilmike_catoblepas_cave, nicolae_slime_entry_slimehenge, st_stairs_6
Swamp:1:  nicolae_swamp_godswood, swamp_pool5, hangedman_swamp_lotus
Swamp:2:  evilmike_swamp_ruin_house_5
Spider:1: uniq_roxanne
Spider:2: spider_trap, nicolae_spider_cling_halls, uniq_arachne
Orc:1:    portal_ice_cave_entry_pillars_2

Skill      XL: |  1  2  3  4  5  6  7  8  9 10 11 12 13 |
---------------+----------------------------------------+-----
Summonings     | 4 5 6 7 8 |  8.0
Maces & Flails | 1 |  1.0
Polearms       | 1 2 5 6 7 9 11 12 | 12.1
Ice Magic      | 1 3 5 6 7 |  7.3
Fighting       | 2 4 6 8 9 |  9.0
Spellcasting   | 7 9 10 | 10.0
Conjurations   | 4 7 |  7.4
Dodging        | 4 |  4.0
Shields        | 3 |  3.9
Stealth        | |  1.5

Action                   |  1- 3 |  4- 6 |  7- 9 | 10-12 | 13-15 || total
-------------------------+-------+-------+-------+-------+-------++-------
Melee: Unarmed           |    15 |       |       |       |       ||    15
       Dagger            |    29 |    55 |       |       |       ||    84
       Whip              |    47 |       |       |       |       ||    47
       Spear             |       |   101 |   307 |   424 |   350 ||  1182
 Cast: Summon Small Mamm |    25 |    27 |     9 |     8 |       ||    69
       Call Imp          |    10 |    65 |    74 |    76 |    78 ||   303
       Call Canine Famil |       |    10 |    16 |    29 |    13 ||    68
       Summon Ice Beast  |       |       |    66 |   393 |   165 ||   624
       Summon Lightning  |       |       |       |    28 |    14 ||    42
       Summon Guardian G |       |       |       |    31 |    27 ||    58
       Apportation       |       |       |       |    12 |     8 ||    20
       Blink             |       |       |       |     2 |       ||     2
       Bolt of Cold      |       |       |       |       |    10 ||    10
Invok: Potion Petition   |       |       |       |     2 |     8 ||    10
Evoke: Wand              |       |       |     2 |     5 |     2 ||     9
  Use: Scroll            |       |     3 |    11 |    18 |     9 ||    41
 Stab: Sleeping          |       |     2 |     6 |     1 |       ||     9
       Distracted        |       |     3 |     5 |    13 |     9 ||    30
Armor: Robe              |    25 |    40 |    39 |    70 |    78 ||   252
Dodge: Dodged            |    92 |    90 |    80 |   214 |   124 ||   600
Block: Buckler           |       |       |       |       |     7 ||     7

Table legend:
 A = Spawn XP
 B = Non-spawn XP
 C = Spawn XP percentage of total XP
 D = Spawn monster count
 E = Non-spawn monster count
 F = Spawn count percentage of total count
 G = Total turns spent on level
                    A         B        C        D         E        F      G
               +---------+---------+-------+---------+---------+-------+---------
         Total |       0 |   68612 |   0.0 |       0 |     597 |   0.0 | 34913
               +---------+---------+-------+---------+---------+-------+---------
           D:1 |       0 |      32 |   0.0 |       0 |      19 |   0.0 |  1124
           D:2 |       0 |     208 |   0.0 |       0 |      27 |   0.0 |  1724
           D:3 |       0 |     238 |   0.0 |       0 |      67 |   0.0 |  1331
           D:4 |       0 |     412 |   0.0 |       0 |      24 |   0.0 |  1180
           D:5 |       0 |     351 |   0.0 |       0 |      15 |   0.0 |  1021
           D:6 |       0 |    1114 |   0.0 |       0 |      38 |   0.0 |  2320
           D:7 |       0 |    1154 |   0.0 |       0 |      26 |   0.0 |  1345
           D:8 |       0 |    1864 |   0.0 |       0 |      19 |   0.0 |  1518
           D:9 |       0 |    3389 |   0.0 |       0 |      28 |   0.0 |  1543
          D:10 |       0 |    2924 |   0.0 |       0 |      41 |   0.0 |  1508
          D:11 |       0 |    2283 |   0.0 |       0 |      25 |   0.0 |  1060
          D:12 |       0 |    1622 |   0.0 |       0 |      10 |   0.0 |   604
          D:13 |       0 |     387 |   0.0 |       0 |       2 |   0.0 |    57
        Lair:1 |       0 |    2240 |   0.0 |       0 |      15 |   0.0 |  1623
        Lair:2 |       0 |    2309 |   0.0 |       0 |      20 |   0.0 |  2098
        Lair:3 |       0 |    4684 |   0.0 |       0 |      31 |   0.0 |  1824
        Lair:4 |       0 |    6510 |   0.0 |       0 |      28 |   0.0 |  2224
        Lair:5 |       0 |    5720 |   0.0 |       0 |      37 |   0.0 |  3116
        Lair:6 |       0 |   11419 |   0.0 |       0 |      37 |   0.0 |  2413
       Swamp:1 |       0 |    7613 |   0.0 |       0 |      31 |   0.0 |  1901
       Swamp:2 |       0 |     621 |   0.0 |       0 |       1 |   0.0 |    86
      Spider:1 |       0 |    7156 |   0.0 |       0 |      35 |   0.0 |  2534
      Spider:2 |       0 |    4293 |   0.0 |       0 |      20 |   0.0 |   458
         Orc:1 |       0 |      69 |   0.0 |       0 |       1 |   0.0 |    21
               +---------+---------+-------+---------+---------+-------+---------
